 Dungeon Crawl Stone Soup version 0.29.1-2-gbd0b4ee654 (webtiles) character file.

Game seed: 1655462147040190637

2766 Phaerius the Schismatic (level 9, -1/71 HPs)
             Began as a Demonspawn Abyssal Knight on Nov 29, 2022.
             Was an Elder of Lugonu.
             Succumbed to a killer bee's poison
             ... on level 7 of the Dungeon on Nov 30, 2022.
             The game lasted 01:33:00 (9110 turns).

Phaerius the Schismatic (Demonspawn Abyssal Knight) Turns: 9110, Time: 01:33:00

Health: -1/71      AC: 15    Str: 13    XL:     9   Next: 42%
Magic:  14/14      EV:  5    Int: 12    God:    Lugonu [****..]
Gold:   276        SH:  0    Dex: 22    Spells: 8/8 levels left

rFire   . . .      SeeInvis .   I - +8 spear "Tiysues" {flame, rElec rCorr}
rCold   . . .      Faith    .   (no shield)
rNeg    . . .      Spirit   .   g - +2 plate armour
rPois   .          Reflect  .   (helmet unavailable)
rElec   +          Harm     .   (no cloak)
rCorr   +          Rampage  .   (no gloves)
Will    +....                   o - +0 pair of boots
Stlth   ..........              (no amulet)
HPRegen 0.21/turn               E - ring of willpower
MPRegen 0.28/turn               (no ring)

@: lethally poisoned (-1 -> -18)
A: horns 3, thin skeletal structure 2, powered by death 1, magic regeneration
a: Renounce Religion, Depart the Abyss, Bend Space, Banish, Corrupt


You were on level 7 of the Dungeon.
You worshipped Lugonu.
Lugonu was greatly pleased with you.
You visited 1 branch of the dungeon, and saw 7 of its levels.
You visited the Abyss 1 time.
You also visited: Sewer.

You collected 276 gold pieces.

Inventory:

Hand Weapons
 a - a +1 falchion
 i - a +4 dire flail of protection
 k - a +0 dagger of freezing
 l - a +0 whip of freezing
 t - a +2 quarterstaff of chaos
 I - the +8 spear "Tiysues" (weapon) {flame, rElec rCorr}
   (You found it on level 6 of the Dungeon)

   It burns those it strikes, dealing additional fire damage.
   rElec:     It insulates you from electricity.
   rCorr:     It protects you from acid and corrosion.
 L - a +2 vorpal spear
Missiles
 n - 68 stones
 q - 23 poisoned darts
 A - a boomerang (quivered)
 D - 2 throwing nets
Armour
 g - a +2 plate armour (worn)
 o - a +0 pair of boots (worn)
 B - a +0 plate armour
Jewellery
 z - a ring of ice
 E - a ring of willpower (left hand)
Wands
 r - a wand of polymorph (5)
Scrolls
 b - a scroll of poison
 f - a scroll of fear {unknown}
 m - a scroll of silence {unknown}
 s - 2 scrolls of magic mapping
 v - a scroll of immolation {unknown}
 y - 3 scrolls of blinking {unknown}
 Q - 3 scrolls of butterflies
 V - 5 scrolls of teleportation
Potions
 c - 3 potions of lignification
 u - a potion of haste
 w - 2 potions of berserk rage
 x - 2 potions of ambrosia
 C - a potion of resistance
 F - 2 potions of brilliance
 G - a potion of heal wounds
 H - a potion of magic
 J - 4 potions of might {unknown}
 K - a potion of cancellation {unknown}
 P - 2 potions of attraction {unknown}
 R - 3 potions of curing


   Skills:
 + Level 6.5 Fighting
 - Level 5.3 Long Blades
 - Level 1.4 Maces & Flails
 * Level 1.6 Polearms
 + Level 5.3 Armour
 + Level 4.8 Dodging
 - Level 0.1 Stealth
 + Level 7.5 Invocations
 - Level 1.6 Evocations


You had 8 spell levels left.
You didn't know any spells.
Your spell library contained the following spells:

 Spells                   Type           Power      Damage    Failure   Level
 Blink                    Tloc           0%         N/A       100%        2
 Leda's Liquefaction      Hex/Erth       0%         N/A       100%        4
 Lee's Rapid Deconstruct  Erth           0%         3d5*      100%        5
 Manifold Assault         Tloc           0%         N/A       100%        5
 Statue Form              Tmut/Erth      0%         N/A       100%        6
 Storm Form               Tmut/Air       0%         N/A       100%        7


Dungeon Overview and Level Annotations

Branches:
Dungeon (7/15)             Temple (0/1) D:6           Sewer (visited)

Altars:
Kikubaaqudgha
Qazlal

Annotations:
D:5 3 runed translucent doors, istabcows's ghost, novice DrTm
Abyss:1 Menkaure; Sigmund


Innate Abilities, Weirdness & Mutations

You have a pair of large horns on your head.
You have a moderately thin skeletal structure. (Dex +4, Stealth++)
You regenerate a little health from kills.
You regenerate magic rapidly.


Message History

The killer bee poisons you! The killer bee stings you.
You are more poisoned.
The killer bee poisons you! The killer bee barely misses you.
You closely miss the killer bee.
You feel very sick.
The killer bee stings you but does no damage. x3
You puncture the killer bee! You burn the killer bee. You punch the killer bee.
The killer bee is heavily wounded.
You feel very sick. The killer bee stings you.
* * * LOW HITPOINT WARNING * * *
The killer bee barely misses you.
The killer bee stings you but does no damage.
The killer bee stings you.
* * * LOW HITPOINT WARNING * * *
The killer bee stings you but does no damage.
* * * LOW HITPOINT WARNING * * *
You feel very sick.
A killer bee comes into view.
The killer bee stings you but does no damage. x2
The killer bee completely misses you.
You feel much better.
You feel sick.
The killer bee buzzes angrily.
The killer bee stings you but does no damage.
The killer bee stings you.
* * * LOW HITPOINT WARNING * * *
You are more poisoned.
The killer bee poisons you! The killer bee stings you!
* * * LOW HITPOINT WARNING * * *
You are lethally poisoned!
The killer bee poisons you!
The killer bee stings you but does no damage.
* * * LOW HITPOINT WARNING * * *
You feel very sick. The killer bee stings you.
* * * LOW HITPOINT WARNING * * *
You puncture the killer bee! You burn the killer bee.
You kill the killer bee!
Lugonu accepts your kill.
You die...

### ######## ##.##
#......# ##...###
#.####.#### ## #......#
#.##......# .. #...#@#
#.##.#.##.# #.##.##†#
#.##.#.##.###
#.†..†yy###...........#
#.$....#.y.......#.##.#.#
#.#.##.#.#########.#..#.#
#... ..#.# #[#.##.# ....
##.#.# #.#.##.# #.#..
#.#.# #......# # .. ....#
###.####


You could see 3 killer bees.

Vanquished Creatures
  Grinder (D:6)
  A steam dragon (D:7)
  Edmund (D:6)
  Duvessa (D:6)
  2 ice beasts
  3 black bears
  3 kobold brigands (Sewer)
  2 phantoms
  Blork the orc (D:5)
  A gnoll sergeant (D:6)
  4 scorpions
  2 necrophages (D:5)
  Dowan (D:6)
  3 killer bees (D:7)
  A jelly (D:5)
  Crazy Yiuf (D:5)
  An orc priest (D:4)
  3 hounds
  An iguana (D:6)
  4 gnolls (D:6)
  6 adders
  2 river rats (Sewer)
  A shadow imp (D:5)
  A white imp (D:3)
  2 ufetubi (D:4)
  4 worms
  2 dart slugs
  13 orcs
  14 ball pythons
  8 bats
  7 endoplasms
  A giant cockroach (D:2)
  7 goblins
  5 hobgoblins
  2 jackals (D:1)
  16 kobolds
  4 quokkas
  2 frilled lizards
  7 rats
141 creatures vanquished.

Vanquished Creatures (others)
  3 plants
3 creatures vanquished.

Grand Total: 144 creatures vanquished

Notes
Turn   | Place    | Note
-------+----------+-------------------------------------------
     0 | Abyss:1  | Phaerius the Demonspawn Abyssal Knight began the quest for
                  | the Orb.
     0 | Abyss:1  | Reached XP level 1. HP: 18/18 MP: 2/2
     0 | D:1      | Escaped the Abyss
   676 | D:1      | Gained mutation: You have a pair of small horns on your
                  | head. [demonic ancestry]
   676 | D:1      | Reached XP level 2. HP: 23/24 MP: 4/4
   691 | D:1      | Reached ** piety under Lugonu
   880 | D:1      | Reached skill level 1 in Dodging
   983 | D:1      | Reached skill level 3 in Invocations
  1134 | D:1      | Found a faded altar of an unknown god.
  1336 | D:1      | Gained mutation: You regenerate a little health from kills.
                  | [demonic ancestry]
  1336 | D:1      | Reached XP level 3. HP: 24/29 MP: 5/5
  3270 | D:3      | Gained mutation: You have a pair of horns on your head.
                  | [demonic ancestry]
  3270 | D:3      | Reached XP level 4. HP: 18/35 MP: 6/6
  3732 | D:3      | Reached *** piety under Lugonu
  4072 | D:4      | Found an ancient bone altar of Kikubaaqudgha.
  4152 | D:4      | Noticed an ogre
  4153 | D:4      | Banished an ogre
  4154 | D:4      | Gained mutation: You have a somewhat thin skeletal
                  | structure. (Dex +2, Stealth+) [demonic ancestry]
  4154 | D:4      | Reached XP level 5. HP: 42/42 MP: 2/7
  4171 | D:4      | Reached skill level 1 in Evocations
  4225 | D:4      | Noticed a black bear
  4237 | D:4      | Killed a black bear
  4238 | D:4      | Gained mutation: You have a pair of large horns on your
                  | head. [demonic ancestry]
  4238 | D:4      | Reached XP level 6. HP: 27/48 MP: 8/8
  4493 | D:4      | Reached skill level 4 in Invocations
  4879 | D:5      | Entered Level 5 of the Dungeon
  5161 | D:5      | Gained mutation: You regenerate magic rapidly. [demonic
                  | ancestry]
  5161 | D:5      | Reached XP level 7. HP: 42/55 MP: 10/10
  5206 | D:5      | Noticed Menkaure
  5209 | D:5      | Banished Menkaure
  5299 | D:5      | Reached skill level 5 in Invocations
  5446 | D:5      | Noticed a water elemental
  5454 | D:5      | Found a stormy altar of Qazlal.
  5456 | D:5      | Noticed an air elemental
  5456 | D:5      | Noticed a fire elemental
  5582 | D:5      | Reached skill level 5 in Fighting
  5832 | D:5      | Found a runed translucent gate.
  5833 | D:5      | Found a runed translucent gate.
  5834 | D:5      | Found a runed translucent gate.
  5834 | D:5      | Noticed istabcows's ghost (novice DrTm)
  6390 | D:5      | Reached XP level 8. HP: 59/62 MP: 12/12
  6523 | D:5      | Noticed Blork the orc
  6541 | D:5      | Killed Blork the orc
  6688 | D:5      | Found a runed translucent door.
  6689 | D:5      | Noticed Crazy Yiuf
  6792 | D:5      | Killed Crazy Yiuf
  7014 | D:6      | Noticed Grinder
  7023 | D:6      | Killed Grinder
  7024 | D:6      | Reached skill level 6 in Invocations
  7045 | D:6      | Noticed Sigmund
  7046 | D:6      | Banished Sigmund
  7074 | D:6      | Reached skill level 5 in Long Blades
  7152 | D:6      | Noticed Edmund
  7152 | D:6      | Noticed Dowan
  7152 | D:6      | Noticed Duvessa
  7202 | D:6      | Killed Duvessa
  7206 | D:6      | Killed Edmund
  7212 | D:6      | Killed Dowan
  7407 | D:6      | Found a glowing drain.
  7435 | Sewer    | Entered a sewer
  7560 | Sewer    | Reached skill level 7 in Invocations
  7560 | Sewer    | Gained mutation: You have a moderately thin skeletal
                  | structure. (Dex +4, Stealth++) [demonic ancestry]
  7560 | Sewer    | Reached XP level 9. HP: 35/69 MP: 14/14
  7565 | Sewer    | Reached **** piety under Lugonu
  7566 | Sewer    | Reached skill level 5 in Armour
  8082 | D:6      | Reached skill level 1 in Maces & Flails
  8341 | D:6      | Found a staircase to the Ecumenical Temple.
  8512 | D:6      | Identified the +8 spear "Tiysues" {flame, rElec rCorr}
  9074 | D:7      | Reached skill level 1 in Polearms
  9109 | D:7      | HP: 3/71 [killer bee (6)]
  9110 | D:7      | Succumbed to a killer bee's poison

Illustrated notes

Levels and vault maps discovered:
D:1:      evilmike_arrival_plus, layout_loops_corners,
          shapermc_ecumenical_altar_acropolis
D:2:      layout_basic
D:3:      layout_loops_ring
D:4:      layout_cave_pools, lemuel_crystal_altar, nicolae_underground_beach
D:5:      layout_basic, nicolae_qazlal_style_of_elements,
          ebering_ghost_rock_garden, serial_bayou_crossing, uniq_blork_the_orc,
          uniq_crazy_yiuf_cottage, uniq_menkaure
D:6:      layout_basic, nicolae_overflow_crystal_walls,
          minmay_temple_entry_from_below_a, cheibrodos_sewer_entry_sluice,
          kennysheep_generic_room_15, uniq_sigmund, uniq_grinder, uniq_edmund,
          uniq_duvessa
D:7:      layout_loops_cross, dk_yredelemnul_ordeal

Skill      XL: |  1  2  3  4  5  6  7  8  9 |
---------------+----------------------------+-----
Dodging        | 1 2 3 4 |  4.8
Invocations    | 3 4 5 7 |  7.5
Long Blades    | 2 3 4 5 |  5.3
Armour         | 2 3 4 5 |  5.3
Evocations     | 1 |  1.6
Fighting       | 4 5 6 |  6.5
Maces & Flails | 1 |  1.4
Polearms       | 1 |  1.6
Stealth        | |  0.1

Action                   |  1- 3 |  4- 6 |  7- 9 || total
-------------------------+-------+-------+-------++-------
Melee: Falchion          |   119 |   107 |   218 ||   444
       Headbutt          |    12 |    15 |    50 ||    77
       Punch             |     1 |     3 |     5 ||     9
       Dire flail        |       |       |    39 ||    39
       Spear             |       |       |    34 ||    34
Invok: Depart the Abyss  |     1 |       |       ||     1
       Banish            |       |     1 |     2 ||     3
       Bend Space        |       |       |     2 ||     2
Evoke: Wand              |       |       |     1 ||     1
  Use: Scroll            |     5 |     3 |     6 ||    14
       Potion            |       |       |     6 ||     6
Armor: Leather armour    |     3 |       |       ||     3
       Plate armour      |    65 |    98 |   162 ||   325
       Skin              |       |       |    17 ||    17
Dodge: Dodged            |    25 |    17 |    71 ||   113
